Map: Dusk Towers

Players

LeCone

  • Race: Zerg Zerg
  • League: Grandmaster

Miszu - Winner!

  • Race: Terran Terran
  • League: Master

VOD

Have the link to the VOD?

Description

Time

  • Played on: April 13, 2016, 1:03 p.m.
  • Length: 13:23
Show
View Real Time Build Order
Export as new Build Order

LeCone Zerg 

Build Orders: Hatch First, Muta Ling Bane 

Get SALT Encoding   

  12  0:01  Drone  
  13  0:13  Overlord  
  13  0:17  Drone  
  14  0:32  Drone x2  
  16  0:35  Drone  
  17  0:53  Hatchery  
  17  0:56  Drone  
  17  0:58  Drone  
  17  1:02  Extractor  
  17  1:13  Spawning Pool  
  17  1:15  Drone  
  17  1:19  Drone  
  18  1:29  Drone  
  19  1:40  Overlord  
  19  2:01  Queen  
  19  2:03  Zergling x4  
  19  2:04  Metabolic Boost  
  19  2:05  Queen  
  19  2:06  Drone  
  26  2:12  Drone  
  27  2:17  Drone  
  28  2:23  Drone  
  28  2:27  Drone  
  30  2:35  Overlord  
  30  2:38  Queen  
  30  2:41  Queen  
  34  2:46  Drone x2  
  36  2:55  Drone x2  
  38  3:04  Overlord  
  38  3:06  Overlord  
  38  3:19  Drone x6  
  44  3:24  Drone  
  45  3:28  Drone x2  
  47  3:38  Pneumatized Carapace  
  47  3:40  Queen  
  49  3:42  Drone x2, Hatchery  
  50  3:50  Drone x2  
  50  3:52  Extractor x2  
  50  3:55  Baneling Nest  
  50  3:57  Zergling x2  
  50  3:58  Zergling x4  
  50  4:02  Drone x3  
  55  4:11  Evolution Chamber x2  
  55  4:12  Drone  
  55  4:13  Drone  
  55  4:23  Extractor, Lair  
  54  4:25  Overlord  
  54  4:30  Drone x5  
  59  4:37  Zerg Melee Weapons Level 1  
  59  4:40  Overlord  
  59  4:49  Drone  
  59  4:52  Zerg Ground Armor Level 1  
  60  4:53  Overlord x2  
  60  4:57  Queen  
  62  5:00  Drone  
  62  5:01  Drone  
  62  5:03  Drone  
  65  5:10  Drone x4  
  65  5:11  Drone  
  70  5:15  Drone  
  70  5:19  Drone  
  72  5:22  Drone x3  
  72  5:23  Drone  
  72  5:25  Centrifical Hooks  
  76  5:32  Spire, Drone  
  76  5:37  Extractor, Drone x3  
  76  5:38  Extractor  
  77  5:43  Drone x4  
  77  5:47  Overlord  
  77  5:48  Overlord  
  81  5:50  Overlord  
  81  5:53  Overlord  
  81  5:58  Drone x2  
  83  6:11  Hatchery  
  82  6:13  Hatchery  
  82  6:16  Drone x2  
  82  6:17  Baneling  
  82  6:18  Baneling x9  
  83  6:24  Zergling x2  
  83  6:25  Zergling x10  
  88  6:32  Zergling x2  
  90  6:33  Zergling x12  
  87  6:56  Mutalisk  
  87  6:57  Mutalisk x9  
  107  7:02  Overseer  
  107  7:10  Zerg Ground Armor Level 2  
  107  7:11  Zergling x2  
  107  7:12  Zergling x10  
  113  7:17  Overlord x3  
  113  7:20  Zerg Melee Weapons Level 2  
  113  7:21  Extractor  
  112  7:24  Extractor  
  112  7:25  Baneling  
  112  7:26  Baneling x3  
  111  7:32  Zergling x2  
  111  7:33  Zergling x10  
  117  7:37  Baneling  
  117  7:38  Baneling x7  
  117  7:44  Zergling x18  
  118  7:45  Zergling x2  
  104  8:07  Zergling x18  
  104  8:08  Zergling x16  
  118  8:14  Queen  
  118  8:16  Infestation Pit  
  118  8:17  Zerg Flyer Weapons Level 1  
  118  8:18  Queen  
  118  8:19  Queen  
  119  8:29  Mutalisk x4  
  127  8:38  Mutalisk x3  
  127  8:39  Mutalisk  
  135  8:42  Baneling x2  
  135  8:43  Drone  
  135  8:44  Drone x3  
  135  8:45  Drone  
  135  8:46  Drone  
  135  8:47  Drone  
  142  8:55  Overlord x3  
  142  8:56  Baneling  
  142  8:57  Baneling x3  
  142  9:00  Overlord  
  142  9:04  Hive  
  142  9:11  Baneling x2  
  142  9:12  Baneling x7  
  142  9:23  Zergling x2  
  140  9:24  Zergling x26  
  146  9:40  Drone x3  
  146  9:41  Drone  
  146  9:43  Zergling x2  
  146  9:44  Zergling x24  
  156  9:52  Mutalisk  
  156  9:53  Mutalisk x2  
  156  9:55  Mutalisk  
  164  10:17  Overlord  
  164  10:22  Zerg Melee Weapons Level 3, Zerg Ground Armor Level 3  
  164  10:23  Adrenal Glands  
  164  10:24  Hatchery  
  163  10:28  Baneling  
  163  10:29  Baneling x11  
  163  10:30  Zergling x2  
  163  10:31  Zergling x8  
  168  10:38  Overlord  
  168  10:50  Baneling  
  168  10:51  Baneling x17  
  168  10:52  Baneling  
  168  10:53  Zergling x2  
  168  10:54  Zergling x18  
  162  11:08  Zergling x18  
  162  11:09  Zergling x12  
  125  11:18  Zergling x14  
  119  11:19  Zergling x4  
  119  11:39  Zergling x16  
  117  11:40  Zergling x8  
  109  11:47  Zergling x2  
  109  11:48  Zergling x14  
  107  11:59  Baneling  
  107  12:00  Baneling x6  
  107  12:01  Baneling x3  
  101  12:08  Zergling x20  
  101  12:19  Mutalisk  
  101  12:20  Mutalisk x6  
  104  12:33  Mutalisk  
  104  12:34  Mutalisk x4  
  108  12:46  Zergling x4  
  108  12:47  Zergling x14  
  108  13:01  Zergling x10  
  108  13:02  Zergling x8  
Show
View Real Time Build Order
Export as new Build Order

Miszu Terran - Winner!

Build Orders: Reaper Expand, Bio Mine 

Get SALT Encoding   

  12  0:01  SCV  
  13  0:13  SCV  
  14  0:17  Supply Depot  
  14  0:25  SCV  
  15  0:39  SCV  
  15  0:41  Barracks  
  16  0:45  Refinery  
  16  0:51  SCV  
  17  1:03  SCV  
  18  1:15  SCV  
  19  1:28  Orbital Command  
  19  1:29  Reaper  
  20  1:42  Command Center  
  20  1:51  Supply Depot  
  20  1:54  SCV  
  21  2:06  SCV  
  21  2:07  Barracks Reactor  
  22  2:18  SCV  
  23  2:31  SCV  
  23  2:36  Factory  
  24  2:39  Command Center  
  24  2:43  SCV  
  25  2:48  Barracks  
  25  2:50  Marine x2  
  27  2:56  Orbital Command  
  27  2:59  SCV  
  28  3:07  Marine  
  28  3:08  Marine  
  28  3:10  Refinery  
  28  3:11  SCV  
  31  3:22  SCV  
  31  3:23  SCV  
  33  3:33  Barracks Tech Lab  
  33  3:34  SCV  
  33  3:36  SCV  
  33  3:38  Barracks Tech Lab  
  33  3:40  Hellion  
  36  3:41  Hellion  
  36  3:46  SCV  
  36  3:48  Barracks Reactor, SCV  
  40  3:51  Orbital Command  
  40  3:58  Marine, SCV  
  40  4:00  SCV  
  40  4:01  Stimpack  
  43  4:10  SCV  
  43  4:12  Barracks, SCV, Factory Reactor  
  45  4:22  SCV x2  
  47  4:24  SCV  
  47  4:26  Engineering Bay  
  47  4:27  Engineering Bay  
  47  4:30  Marine x3  
  51  4:34  SCV  
  51  4:35  SCV  
  51  4:36  SCV  
  54  4:45  Refinery x2  
  54  4:47  Starport, SCV  
  54  4:48  Marine x3, SCV  
  54  4:50  Orbital Command  
  59  4:53  Terran Infantry Weapons Level 1, Terran Infantry Armor Level 1  
  59  4:57  Factory Reactor  
  59  4:59  Supply Depot, SCV  
  60  5:01  Supply Depot  
  60  5:02  SCV  
  61  5:20  Marine x5  
  61  5:21  SCV x3  
  69  5:30  Medivac x2  
  69  5:33  SCV x3  
  76  5:38  Marine, Barracks  
  76  5:40  Barracks  
  76  5:42  Armory  
  77  5:46  Supply Depot  
  77  5:53  Supply Depot  
  77  5:58  Supply Depot  
  77  6:07  Marine, SCV x3  
  77  6:08  Supply Depot x2  
  77  6:10  Marine x4  
  85  6:11  Combat Shields  
  85  6:15  Medivac x2  
  89  6:19  SCV x3  
  89  6:25  Marine  
  92  6:27  Barracks Reactor x2  
  92  6:28  Marine x2  
  92  6:31  SCV x3  
  94  6:33  Supply Depot  
  94  6:34  Supply Depot  
  94  6:36  Supply Depot, Marine  
  94  6:37  Marine, Widow Mine x2  
  100  6:42  Marine  
  100  6:43  SCV  
  100  6:44  SCV  
  100  6:45  Medivac  
  105  6:52  Marine  
  105  6:53  Marine  
  93  6:54  Marine x2  
  93  6:56  Medivac  
  93  7:00  Marine  
  98  7:03  Supply Depot  
  98  7:04  Supply Depot  
  98  7:05  Widow Mine  
  98  7:06  Supply Depot, Barracks  
  98  7:08  Marine x2, Barracks  
  101  7:09  Barracks  
  101  7:10  Marine x2  
  101  7:14  Marine, Widow Mine  
  101  7:15  Medivac  
  113  7:17  Terran Infantry Armor Level 2  
  113  7:18  Terran Infantry Weapons Level 2  
  109  7:23  SCV  
  109  7:24  SCV x2  
  112  7:30  Medivac  
  112  7:31  Refinery  
  112  7:34  Marine x3, Widow Mine  
  112  7:35  Marine x5, SCV  
  112  7:36  SCV x2  
  123  7:52  Marine x2, Marauder, Widow Mine  
  123  7:53  Medivac  
  123  7:55  Barracks Tech Lab x2  
  126  8:00  Medivac  
  126  8:02  Widow Mine  
  123  8:11  Marine x9  
  120  8:13  SCV  
  120  8:14  Marauder  
  120  8:16  Marine  
  120  8:17  Marauder  
  122  8:26  Widow Mine  
  120  8:27  Medivac  
  120  8:29  Marine x9  
  120  8:30  Medivac  
  120  8:32  Factory  
  135  8:34  Marine x2  
  135  8:35  Refinery, Missile Turret  
  135  8:36  Missile Turret  
  135  8:37  Marine  
  135  8:38  Missile Turret  
  138  8:46  Widow Mine  
  140  8:49  Barracks Reactor  
  140  8:51  Concussive Shells  
  140  8:52  Marauder  
  140  8:53  Command Center  
  140  8:54  Marine x3, Marauder  
  147  8:56  Marauder  
  147  9:00  Marine x2  
  147  9:01  Marine x2  
  153  9:07  Supply Depot x2  
  152  9:13  Marine  
  152  9:14  Marine, Marauder  
  152  9:15  Marine  
  152  9:16  Marauder  
  159  9:17  Marauder  
  159  9:23  Factory Tech Lab  
  153  9:27  Marine  
  153  9:28  Marine x6  
  153  9:29  Widow Mine  
  153  9:31  Marine  
  157  9:32  Marine x2  
  157  9:35  Marauder  
  157  9:37  Marine  
  157  9:38  Marine  
  162  9:40  Widow Mine  
  162  9:43  Supply Depot  
  162  9:45  Thor  
  165  9:51  Medivac x2  
  169  9:54  Drilling Claws  
  169  9:55  Marauder  
  169  9:57  Widow Mine  
  169  9:59  Marine x2, Marauder  
  177  10:08  Widow Mine  
  177  10:10  Missile Turret  
  177  10:13  Marine  
  177  10:14  Marine x3, Marauder  
  182  10:16  Marauder  
  182  10:19  Marine  
  190  10:21  Marine  
  190  10:26  Planetary Fortress  
  191  10:29  Marine  
  191  10:33  Marine  
  191  10:34  Marine x4  
  199  10:38  Terran Infantry Weapons Level 3, Terran Infantry Armor Level 3  
  195  10:49  Marine x6, Marauder  
  194  10:50  Marine  
  143  11:13  Marine  
  143  11:14  Marine x7, Marauder, Widow Mine x3  
  143  11:15  Marauder  
  143  11:18  Marine x2, Marauder  
  144  11:31  Marine x4  
  144  11:32  Marine x4  
  152  11:35  Marine, Marauder  
  152  11:36  Marine, Marauder  
  152  11:39  Marine  
  159  11:43  Widow Mine x2  
  158  11:49  Marine x8  
  158  11:53  Marine, Liberator  
  158  11:54  Marine  
  160  11:56  Marauder  
  160  11:57  Marine, Marauder  
  160  11:58  Thor  
  162  12:07  Marine x8  
  162  12:11  Marine  
  162  12:12  Marine  
  169  12:15  Marauder  
  169  12:18  Marauder x2  
  169  12:22  Widow Mine  
  173  12:23  Widow Mine  
  173  12:24  Marine  
  173  12:25  Marine x6  
  173  12:29  SCV  
  175  12:34  Marine  
  175  12:35  Marine x2, Medivac  
  178  12:37  Marauder  
  178  12:39  Marauder  
  178  12:42  Factory  
  178  12:44  Factory  
  182  12:49  Refinery  
  182  12:50  Refinery  
  186  12:51  Widow Mine  
  186  12:52  Hellion  
  194  13:16  Barracks Tech Lab  
Tags
 
Add a new tag
Caveats
  • Supply blocks, unpowered buildings, or Contaminate may cause inaccurate times.
  • Supply counts are checked every 10 seconds.